 Dungeon Crawl Stone Soup version 0.23-a0-451-g1044d4c (webtiles) character file.

58 galech the Skirmisher (level 3, 0/29 HPs)
             Began as a Demonspawn Fighter on Nov 22, 2018.
             Succumbed to an adder's poison
             ... on level 2 of the Dungeon.
             The game lasted 00:01:00 (918 turns).

galech the Skirmisher (Demonspawn Fighter)           Turns: 918, Time: 00:01:01

Health: 0/29       AC:  8    Str: 21    XL:     3   Next: 75%
Magic:  3/3        EV:  7    Int:  9    God:
Gold:   79         SH:  9    Dex: 13    Spells: 2/2 levels left

rFire    . . .     SeeInvis .   a - +0 war axe
rCold    . . .     Gourm    .   c - +0 shield
rNeg     . . .     Faith    .   b - +0 scale mail
rPois    .         Spirit   .   (no helmet)
rElec    .         Reflect  .   (no cloak)
rCorr    .         Harm     .   e - +0 pair of gloves
MR       .....                  (no boots)
Stlth    ..........             (no amulet)
HPRegen  0.09/turn              (no ring)
MPRegen  0.08/turn              (no ring)

@: mighty, lethally poisoned (0 -> -8)
A: rot immunity
a: no special abilities


You were on level 2 of the Dungeon.
You were not hungry.

You visited 1 branch of the dungeon, and saw 2 of its levels.

You collected 79 gold pieces.

Inventory:

Hand Weapons
 a - a +0 war axe (weapon)
Armour
 b - a +0 scale mail (worn)
 c - a +0 shield (worn)
 e - a +0 pair of gloves (worn)
Scrolls
 j - a scroll of noise
 k - a scroll of amnesia {unknown}
 m - a scroll of magic mapping {unknown}
Potions
 h - a potion of magic {unknown}
 l - a potion of heal wounds {unknown}
Comestibles
 f - a ration
 i - 4 chunks of flesh


   Skills:
 + Level 3.3 Fighting
 + Level 2.4 Axes
 + Level 3.2 Armour
 + Level 0.1 Dodging
 + Level 3.1 Shields


You had 2 spell levels left.
You didn't know any spells.
Your spell library was empty.

Dungeon Overview and Level Annotations

Branches:
Dungeon (2/15)

Altars:


Innate Abilities, Weirdness & Mutations

You are immune to rotting.


Message History

The adder poisons you!
You slash the adder!
You kill the adder!
You barely miss the adder.
* * * LOW HITPOINT WARNING * * *
You feel sick. You block the bat's attack.
The adder bites you but does no damage.
You barely miss the bat. You closely miss the adder.
* * * LOW HITPOINT WARNING * * *
You feel sick. You block the bat's attack.
The adder bites you but does no damage. x2
Unknown command.
Your shield prevents you from hitting the adder.
You barely miss the bat.
* * * LOW HITPOINT WARNING * * *
You feel sick. You block the bat's attack. x2
The adder bites you but does no damage. The adder bites you.
* * * LOW HITPOINT WARNING * * *
You closely miss the adder. You closely miss the bat.
You die...

## .... ....#####
........###
...<..†.†.######..
#####b@S.........
##..=#####..#
##....# #.##..#
#.# #.# #.## .#
#..# . .#
#######.####...
#..............


You could see an adder and a bat.

Vanquished Creatures
  4 adders (D:2)
  A leopard gecko (D:1)
  3 goblins
  4 hobgoblins
  5 kobolds
  3 bats (D:1)
  2 rats
22 creatures vanquished.

Notes
Turn   | Place    | Note
-------+----------+-------------------------------------------
     0 | D:1      | galech the Demonspawn Fighter began the quest for the Orb.
     0 | D:1      | Reached XP level 1. HP: 18/18 MP: 1/1
   132 | D:1      | Gained mutation: You are immune to rotting. [demonic
                  | ancestry]
   132 | D:1      | Reached XP level 2. HP: 24/24 MP: 2/2
   858 | D:2      | Reached XP level 3. HP: 23/29 MP: 3/3
   917 | D:2      | HP: 1/29 [adder (4)]
   918 | D:2      | Succumbed to an adder's poison

Vault maps used:
D:1:      sevenhm_arrival_forest_fort_small_3
D:2:      serial_curves, eino_curves_04, eino_curves_04

Skill      XL: |  1  2 |
---------------+-------+-----
Axes           | 2 |  2.4
Armour         | 3 |  3.2
Shields        | 3 |  3.1
Fighting       | |  3.3
Dodging        | |  0.1

Action                   || total
-------------------------++-------
Melee: War axe           ||    82
  Use: Scroll            ||     2
       Potion            ||     1
Armor: Scale mail        ||    65
Dodge: Dodged            ||    24
Block: Shield            ||    54

Table legend:
 A = Non-vault XP
 B = Vault XP
 C = Vault XP percentage of total XP
 D = Non-vault monster count
 E = Vault monster count
 F = Vault count percentage of total count
                 A         B        C        D         E       F
            +---------+---------+-------+---------+---------+-------
      Total |      83 |       0 |   0.0 |      22 |       0 |   0.0
            +---------+---------+-------+---------+---------+-------
        D:1 |      21 |       0 |   0.0 |      12 |       0 |   0.0
        D:2 |      62 |       0 |   0.0 |      10 |       0 |   0.0
            +---------+---------+-------+---------+---------+-------
